 Dungeon Crawl Stone Soup version 0.31.0-11-ge490571c62 (webtiles) character file.

Game seed: 1140360219028645483

772 Aviak the Apothecary (level 8, -8/61 HPs)
             Began as a Formicid Alchemist on Feb 2, 2024.
             Killed by nerve-wracking pain
             ... invoked by a shadow imp
              (11 damage)
             ... on level 5 of the Dungeon.
             The game lasted 00:07:10 (4834 turns).

Aviak the Apothecary (Formicid Alchemist)           Turns: 4834, Time: 00:07:11

Health: -8/61      AC:  3    Str: 15    XL:     8   Next: 9%
Magic:  6/14       EV: 13    Int: 15    God:
Gold:   203        SH:  0    Dex: 20    Spells: 13/16 levels left

rFire   . . .        w - +2 hand axe (vamp) {!w}
rCold   . . .        (no shield)
rNeg    . . .        a - +0 robe
rPois   .            (helmet unavailable)
rElec   .            k - +0 cloak
rCorr   .            (no gloves)
SInv    +            (no boots)
Will    +....        (no amulet)
Stlth   ++           q - ring of willpower
HPRegen 0.30/turn    x - +6 ring of dexterity
MPRegen 0.14/turn

%: no passive effects
@: no status effects
A: permanent stasis, dig shafts and tunnels, antennae 3, four strong arms
a: Dig, Shaft Self


You were on level 5 of the Dungeon.
You visited 1 branch of the dungeon, and saw 5 of its levels.

You collected 203 gold pieces.

Inventory:

Hand Weapons
 c - a +0 whip
 f - a +2 dagger of speed
 j - a +4 quarterstaff of chaos
 w - a +2 vampiric hand axe (weapon) {!w}
Armour
 a - a +0 robe (worn)
 k - a +0 cloak (worn)
 p - a +0 scale mail
Jewellery
 g - an amulet of faith {!P}
 q - a ring of willpower (left hand)
 x - a +6 ring of dexterity (right hand)
Scrolls
 d - 3 scrolls of enchant armour {unknown}
 e - a scroll of acquirement {unknown}
 r - 2 scrolls of identify {unknown}
 t - a scroll of blinking {unknown}
 u - a scroll of poison {unknown}
 v - a scroll of teleportation {unknown}
Potions
 b - a potion of magic
 h - a potion of heal wounds
 i - a potion of mutation {unknown}
 l - a potion of brilliance {unknown}
 m - a potion of enlightenment {unknown}
 n - a potion of curing {unknown}
 o - a potion of resistance {unknown}
 s - 2 potions of degeneration {unknown}


   Skills:
 + Level 4.8 Fighting
 + Level 1.7 Axes
 + Level 2.6 Dodging
 - Level 2.4 Stealth
 - Level 4.5 Spellcasting
 - Level 2.0 Conjurations
 - Level 7.0 Alchemy


You had 13 spell levels left.
You knew the following spells:

 Your Spells              Type           Power      Damage    Failure   Level
a - Sting                 Conj/Alch      64%        1d7       2%          1
b - Mercury Vapours       Alch/Air       26%        N/A       6%          2

Your spell library contained the following spells:

 Spells                   Type           Power      Damage    Failure   Level
 Olgreb's Toxic Radiance  Alch           24%        N/A       10%         4
 Mephitic Cloud           Conj/Alch/Air  12%        N/A       16%         3
 Sticky Flame             Fire/Alch      13%        2d5       38%         4


Dungeon Overview and Level Annotations

Branches:
Dungeon (5/15)
 Temple: D:4-7

Altars:
Ashenzari
Cheibriados


Innate Abilities, Weirdness & Mutations

You cannot be hasted, slowed, berserked, paralysed or teleported.
You can dig through walls and to a lower floor.
You have a pair of large antennae on your head. (SInv)
Your four strong arms can wield two-handed weapons with a shield.


Message History

The shadow imp closely misses you.
You hit the shadow imp.
The shadow imp is severely wounded.
The shadow imp misses you.
You closely miss the shadow imp.
The shadow imp is severely wounded.
The shadow imp shouts, "Taste defeat, thou unmuzzled bat-fowling nightsoil!"
The shadow imp barely misses you. The shadow imp closely misses you.
You hit the shadow imp.
The shadow imp is severely wounded.
The shadow imp hits you but does no damage.
You hit the shadow imp.
The shadow imp is almost dead.
The shadow imp hits you but does no damage.
You closely miss the shadow imp.
The shadow imp is almost dead.
The shadow imp hits you.
* * * LOW HITPOINT WARNING * * *
You hit the shadow imp but do no damage.
The shadow imp is almost dead.
The shadow imp hits you.
* * * LOW HITPOINT WARNING * * *
You hit the shadow imp but do no damage.
The shadow imp is almost dead.
The shadow imp hits you.
* * * LOW HITPOINT WARNING * * *
The shadow imp gestures at you. Pain shoots through your body!
* * * LOW HITPOINT WARNING * * *
Okay, then.
Okay, then.
You closely miss the shadow imp.
The shadow imp is almost dead.
The shadow imp is no longer weakened.
The shadow imp hits you.
* * * LOW HITPOINT WARNING * * *
You closely miss the shadow imp.
The shadow imp is almost dead.
The shadow imp gestures at you. Pain shoots through your body!
You die...

##.###.# #.. ##...##.##
#.####
#.###....#######....####
#.# #.........##.......###
#.###....###...#.........##
##...........).#..........#
####.#........#†###.####..
#.#.#.#.####5# ..$ #..##
#.#....... #@# ....#...#
###.#.#.#.####.## .h..#...#
#(........# #..# ?.......##
#.......### #..#######....#
#......># #...### #....# .
#.......#
#.....####....#...
#.....).#
#.^............../
#.......#
###########.######
#.......# #...#..#


You could see a shadow imp.

Vanquished Creatures
  A sky beast (D:3)
  A bullfrog (D:5)
  2 scorpions (D:5)
  4 hounds
  A bombardier beetle (D:3)
  A jelly (D:5)
  2 orc priests (D:5)
  Crazy Yiuf (D:2)
  2 iguanas (D:5)
  An orc wizard (D:5)
  A gnoll (D:1)
  4 adders
  2 dart slugs (D:3)
  4 ribbon worms
  10 orcs
  3 bats
  5 endoplasms
  3 giant cockroaches
  10 goblins
  4 hobgoblins
  3 jackals (D:2)
  8 quokkas
  6 ball pythons
  6 frilled lizards
  7 kobolds
92 creatures vanquished.

Notes
Turn   | Place    | Note
-------+----------+-------------------------------------------
     0 | D:1      | Aviak the Formicid Alchemist began the quest for the Orb.
     0 | D:1      | Reached XP level 1. HP: 13/13 MP: 3/3
    24 | D:1      | Found a faded altar of an unknown god.
   119 | D:1      | Reached skill level 1 in Conjurations
   124 | D:1      | Reached XP level 2. HP: 10/20 MP: 0/5
   514 | D:1      | Reached XP level 3. HP: 18/25 MP: 0/6
   593 | D:1      | Reached skill level 1 in Fighting
  1165 | D:2      | Learned a level 2 spell: Mercury Vapours
  1590 | D:2      | Reached XP level 4. HP: 32/32 MP: 5/8
  1634 | D:2      | Found a runed translucent door.
  1635 | D:2      | Noticed Crazy Yiuf
  1644 | D:2      | Killed Crazy Yiuf
  2209 | D:3      | Reached XP level 5. HP: 38/38 MP: 7/9
  2282 | D:3      | Noticed a sky beast
  2302 | D:3      | Killed a sky beast
  2303 | D:3      | Reached skill level 5 in Alchemy
  2303 | D:3      | Reached XP level 6. HP: 40/46 MP: 0/11
  2589 | D:3      | Found a snail-covered altar of Cheibriados.
  2784 | D:3      | Found a broken altar of Ashenzari.
  4129 | D:5      | Entered Level 5 of the Dungeon
  4154 | D:5      | Reached skill level 6 in Alchemy
  4200 | D:5      | Reached XP level 7. HP: 47/53 MP: 1/13
  4812 | D:5      | Reached skill level 1 in Axes
  4812 | D:5      | Reached skill level 7 in Alchemy
  4822 | D:5      | Reached XP level 8. HP: 18/61 MP: 7/14
  4833 | D:5      | HP: 3/61 [shadow imp (2)]
  4834 | D:5      | Killed from afar by a shadow imp

Illustrated notes

Levels and vault maps discovered:
D:1:      dpeg_arrival_court, layout_loops_ring,
          chequers_ecumenical_altar_simple_redux
D:2:      layout_loops_ring, uniq_crazy_yiuf_cottage
D:3:      wander_river, layout_loops_ring, ashenzari_altar_1, slow_altar_2
D:4:      layout_basic
D:5:      minmay_recursive_quarters, layout_loops_ring, tso_altar

Skill      XL: |  1  2  3  4  5  6  7 |
---------------+----------------------+-----
Conjurations   | 1 2 |  2.0
Dodging        | 2 |  2.6
Fighting       | 1 2 3 4 |  4.8
Spellcasting   | 3 4 |  4.5
Alchemy        | 5 6 7 |  7.0
Axes           | 1 |  1.7
Stealth        | |  2.4

Action                     |  1- 3 |  4- 6 |  7- 9 || total
---------------------------+-------+-------+-------++-------
  Melee: Whip              |     6 |       |       ||     6
         Dagger            |    33 |    21 |    40 ||    94
         Punch             |     1 |     1 |       ||     2
         Hand axe          |       |       |    44 ||    44
   Cast: Sting             |    51 |    90 |    19 ||   160
         Mercury Vapours   |     1 |    14 |    11 ||    26
    Use: Potion            |       |       |     1 ||     1
   Stab: Distracted        |     1 |       |       ||     1
 Armour: Robe              |    28 |    33 |    57 ||   118
  Dodge: Dodged            |    21 |    33 |    62 ||   116
